 Dungeon Crawl Stone Soup version 0.21.1-1-g345015f (webtiles) character file.

60 aMcNicky the Grave Robber (level 3, -1/28 HPs)
             Began as a Deep Dwarf Necromancer on Mar 21, 2018.
             Slain by a worm (7 damage)
             ... on level 2 of the Dungeon.
             The game lasted 00:08:29 (1750 turns).

aMcNicky the Grave Robber (Deep Dwarf Necromancer)  Turns: 1750, Time: 00:08:29

Health: -1/28      AC:  2    Str: 11    XL:     3   Next: 82%
Magic:  0/6        EV: 12    Int: 16    God:
Gold:   130        SH:  0    Dex: 13    Spells: 2/7 levels left

rFire    . . .     SeeInvis .   e - +0 dagger
rCold    . . .     Gourm    .   (no shield)
rNeg     . . .     Faith    .   a - +0 robe
rPois    .         Spirit   .   (no helmet)
rElec    .         Reflect  .   (no cloak)
rCorr    .         Harm     .   (no gloves)
MR       .....                  (no boots)
Stlth    ++........             (no amulet)
HPRegen  0.00/turn              (no ring)
MPRegen  0.10/turn              (no ring)

@: non-regenerating
A: damage resistance, heal wounds, sense surroundings 1, no regeneration
a: Heal Wounds


You were on level 2 of the Dungeon.
You were not hungry.

You visited 1 branch of the dungeon, and saw 2 of its levels.

You collected 130 gold pieces.

Inventory:

Hand Weapons
 e - a +0 dagger (weapon)
Armour
 a - a +0 robe (worn)
Jewellery
 m - an uncursed amulet of the gourmand {unknown}
 p - an uncursed amulet of harm {unknown}
Wands
 q - a wand of random effects (23)
 r - a wand of disintegration (13)
Scrolls
 j - a scroll of fog
 l - 2 scrolls of remove curse {unknown}
 n - a scroll of noise {unknown}
 o - a scroll of immolation {unknown}
 u - a scroll of enchant weapon {unknown}
 v - a scroll of identify {unknown}
Potions
 d - a potion of mutation {unknown}
 f - a potion of brilliance {unknown}
 g - a potion of haste {unknown}
 h - a potion of resistance {unknown}
 i - 3 potions of curing {unknown}
 k - a potion of might {unknown}
 s - a potion of lignification {unknown}
Books
 b - a book of Necromancy

   Spells                             Type                      Level
   a - Pain                           Necromancy                   1
   b - Animate Skeleton               Necromancy                   1
   c - Vampiric Draining              Necromancy                   3
   d - Regeneration                   Charms/Necromancy            3
   e - Animate Dead                   Necromancy                   4
   f - Borgnjor's Vile Clutch         Necromancy/Earth             5
Comestibles
 c - 7 rations
 t - 5 chunks of flesh


   Skills:
 - Level 2.1 Dodging
 - Level 2.4 Stealth
 + Level 2.7 Spellcasting
 + Level 5.3 Necromancy


You had 2 spell levels left.
You knew the following spells:

 Your Spells              Type           Power        Failure   Level  Hunger
a - Pain                  Necr           ###.         2%          1    #......
b - Animate Skeleton      Necr           N/A          2%          1    #......
c - Vampiric Draining     Necr           ###.......   6%          3    ###....


Dungeon Overview and Level Annotations

Branches:
Dungeon (2/15)

Altars:


Innate Abilities, Weirdness & Mutations

You are resistant to damage.
You can heal yourself by infusing magical energy.
You passively map a small area around you.
You do not regenerate.


Message History

The worm is heavily wounded.
The worm bites you!
You hit the worm.
The worm is heavily wounded.
The worm bites you.
* * * LOW HITPOINT WARNING * * *
You hit the worm.
The worm is severely wounded.
Casting: Pain
Confirm with . or Enter, or press ? or * to list all spells.
Aiming: Pain
Press: ? - help, Shift-Dir - straight line, f/p - worm
Aim: a worm (severely wounded, chance to defeat MR: 84%)
The worm writhes in agony!
The worm bites you but does no damage.
You hit the worm but do no damage.
The worm is almost dead.
You barely miss the worm.
The worm is almost dead.
The worm bites you!
You die...

, *#.#.#
#.##
**#.#
#.#w#
#... ...
..#.#
#.## *
#.#####.#
#.## #.#
#.# #...
#.# #.#
#### #.#
#.#
#.#####.#
#@w.....#
#########


You could see a worm.

Vanquished Creatures
  2 adders (D:2)
  A worm (D:2)
  A dart slug (D:1)
  A leopard gecko (D:2)
  A ball python (D:1)
  2 giant cockroaches
  4 goblins
  5 hobgoblins
  3 jackals (D:1)
  2 bats
  2 frilled lizards
  4 kobolds
  10 rats
38 creatures vanquished.

Notes
Turn   | Place    | Note
-------+----------+-------------------------------------------
     0 | D:1      | aMcNicky the Deep Dwarf Necromancer began the quest for the Orb.
     0 | D:1      | Reached XP level 1. HP: 15/15 MP: 3/3
   186 | D:1      | Learned a level 1 spell: Animate Skeleton
   233 | D:1      | Reached XP level 2. HP: 22/22 MP: 0/5
   767 | D:2      | Reached skill level 5 in Necromancy
   767 | D:2      | Reached XP level 3. HP: 19/28 MP: 1/6
   868 | D:2      | Learned a level 3 spell: Vampiric Draining
  1750 | D:2      | Slain by a worm

Skill      XL: |  1  2 |
---------------+-------+-----
Spellcasting   | 2 |  2.7
Necromancy     | 5 |  5.3
Dodging        | |  2.1
Stealth        | |  2.4

Action                   || total
-------------------------++-------
Melee: Dagger            ||    62
 Cast: Pain              ||    63
       Animate Skeleton  ||     1
       Vampiric Draining ||     6
 Abil: Heal Wounds       ||     1
  Use: Scroll            ||     1
  Eat: Chunk             ||     4
Armor: Robe              ||    14
Dodge: Dodged            ||    49
